Build Orders - Luftwaffe Vs. Spec Ops - Brumbar vs. Whizzbang - cohdb - Company of Heroes 3 Replays
cohdb
Replays
Latest Replays
All Replays
Popular Replays
Top Player Replays
Match Explorer
How It Works
Community
CoH3 Stats
Reddit
Sign in to upload your games and track your stats! →
Sign in with Steam
Luftwaffe Vs. Spec Ops - Brumbar vs. Whizzbang
Match 23338893
Overview
Messages
Build Orders
End
Pioneer Squad
Kettenkrad Recon Vehicle
Construct Infanterie Kompanie
Selects Luftwaffe Battlegroup
Selects Luftwaffe Pioneer Support
Grenadier Squad
Grenadier Squad
MG 42 Machine Gun Team
Construct Luftwaffe Kompanie
Selects LG40 Recoilless Gun Paradrop
LG40 Recoilless Gun Paradrop
Jäger Squad
Selects Stuka Strafing Run
Selects Fallschirmjäger Squad Paradrop
Medical Station
Fallschirmjäger Squad Paradrop
Luftwaffe Officer Quarters
Fallschirmjäger Squad Paradrop
Construct Panzer Kompanie
Selects Infantry Reserves
Sturmpanzer IV Brummbär
Selects Stuka Loiter
Sturmpanzer IV Brummbär
Stuka Loiter
ACE_HESS
DebaKLe
0
0
Comments
sign in to comment!
No comments posted yet!